Devils vs Avalanche
Created - May 16, 2023 at 21:10
Goals
|
| Devils |
0 |
2 |
3 |
5 |
| Avalanche |
1 |
2 |
1 |
4 |
|
Shots
|
| Devils |
17 |
12 |
12 |
41 |
| Avalanche |
5 |
8 |
9 |
22 |
|
1st period
1. Avalanche , Luke Witkowski 24 (Joel Edmundson 5) at 15:42
Penalties :
No Penalty
2nd period
2. Devils , Tyler Ennis 43 (Kristopher Letang 27) at 11:01
3. Avalanche , Vincent Trocheck 13 (Pavel Buchnevich 11, Marc Staal 23) at 12:59
4. Devils , Aleksander Barkov 23 (Jonathan Huberdeau 32) at 18:49
5. Avalanche , Patric Hornqvist 30 (Bryan Little 65, Mikkel Boedker 60) at 19:43
Penalties :
Sven Baertschi (N.J) for Roughing (Minor) at 3:49
3rd period
6. Devils , Aleksander Barkov 24 (Jonathan Huberdeau 33, Nick Palmieri 35) at 3:40 (PP)
7. Devils , Tyler Ennis 44 (Brandon Carlo 11) at 8:51
8. Devils , Anton Lander 13 (Logan Shaw 17, Michael Del Zotto 37) at 15:15
9. Avalanche , Patric Hornqvist 31 (Erik Karlsson 26, Mikkel Boedker 61) at 17:24 (PP)
Penalties :
Vincent Trocheck (Col) for Hooking (Minor) at 1:51, Bryan Little (Col) for Hooking (Minor) at 3:52, Tyler Ennis (N.J) for Cross-checking (Minor) at 17:11
Goalie Stats
Tyler Weiman (N.J), 18 saves from 22 shots - (0.818), W, 12-4-2, 60:00 minutes
Semyon Varlamov (Col), 36 saves from 41 shots - (0.878), L, 29-23-4, 60:00 minutes
Players Stats for Devils
Player Name G A P +/- PIM S H SB GA TA FO MP PP MP PK MP
------------------------------------------------------------------------------------
Aleksander Barkov 2 0 2 0 0 5 2 0 0 0 6/13 17:25 2:00 0:38
Anton Lander 1 0 1 0 0 4 1 0 0 1 1/4 10:02 0:00 1:12
Anton Stralman 0 0 0 0 0 0 0 0 0 1 0/0 22:29 0:00 1:21
Brandon Carlo 0 1 1 2 0 0 0 1 0 0 0/0 20:36 0:00 1:13
Brayden Point 0 0 0 -1 0 1 3 0 0 0 2/7 14:16 0:00 0:00
Eric Tangradi 0 0 0 -1 0 2 4 0 0 1 0/0 15:26 0:00 1:10
Jason Pominville 0 0 0 -1 0 3 1 1 0 1 0/0 14:52 0:00 0:36
Jonathan Huberdeau 0 2 2 0 0 4 3 0 0 0 0/0 17:26 2:00 0:43
Kristopher Letang 0 1 1 0 0 1 2 2 0 1 0/0 22:30 2:16 0:08
Logan Shaw 0 1 1 0 0 2 2 0 0 0 1/1 7:48 0:00 0:00
Marian Gaborik 0 0 0 2 0 0 0 0 1 0 0/2 17:55 1:48 0:00
Matt Donovan 0 0 0 -1 0 3 0 1 1 0 0/0 16:54 1:32 0:51
Michael Del Zotto 0 1 1 2 0 1 0 2 0 1 0/0 21:28 2:16 0:51
Nazem Kadri 0 0 0 2 0 3 2 2 0 0 16/28 17:55 1:48 0:00
Nick Palmieri 0 1 1 0 0 3 2 1 0 0 1/1 17:45 2:00 0:00
Sven Baertschi 0 0 0 0 2 1 2 0 0 0 0/0 7:51 0:00 0:00
Thomas Hickey 0 0 0 -1 0 3 1 4 1 0 0/0 16:03 1:32 0:00
Tyler Ennis 2 0 2 2 2 5 1 0 1 0 0/2 19:05 1:48 0:05
Players Stats for Avalanche
Player Name G A P +/- PIM S H SB GA TA FO MP PP MP PK MP
------------------------------------------------------------------------------------
Bryan Little 0 1 1 1 2 1 1 0 1 1 15/26 22:14 1:14 0:56
Charlie Coyle 0 0 0 -1 0 5 2 0 0 0 7/11 19:05 0:54 0:58
Colten Teubert 0 0 0 -1 0 0 0 3 0 0 0/0 17:51 1:01 1:29
Erik Karlsson 0 1 1 -1 0 0 2 1 0 1 0/0 17:51 1:01 1:29
Jack Johnson 0 0 0 1 0 0 1 1 2 1 0/0 26:42 1:11 2:19
James Van Riemsdyk 0 0 0 0 0 2 4 0 1 0 0/0 19:02 0:54 1:20
Jarred Tinordi 0 0 0 0 0 0 0 1 0 0 0/0 5:37 0:00 0:00
Joel Edmundson 0 1 1 0 0 0 0 0 0 0 0/0 5:37 0:00 0:00
Kyle Turris 0 0 0 0 0 0 0 0 0 0 1/2 5:29 0:00 0:00
Luke Witkowski 1 0 1 0 0 2 1 2 1 0 0/0 17:26 0:54 0:00
Marc Staal 0 1 1 1 0 1 1 1 0 0 0/0 26:42 1:11 2:19
Mattias Ekholm 0 0 0 -1 0 0 1 1 0 0 0/0 9:50 0:00 0:00
Mikkel Boedker 0 2 2 1 0 3 1 1 1 0 3/6 23:53 1:18 2:22
Patric Hornqvist 2 0 2 1 0 6 2 1 0 0 2/3 19:55 1:14 0:34
Pavel Buchnevich 0 1 1 -2 0 0 1 0 0 0 0/0 16:23 0:04 0:00
Stefan Elliott 0 0 0 -1 0 0 0 1 0 1 0/0 9:50 0:00 0:00
Tomas Tatar 0 0 0 -1 0 0 4 0 0 0 0/0 16:21 0:00 1:26
Vincent Trocheck 1 0 1 -2 2 2 1 0 0 0 3/10 16:22 0:04 0:00
3 Stars
1 - Patric Hornqvist (Col)
2 - Aleksander Barkov (N.J)
3 - Tyler Ennis (N.J)
Power Play
Devils - 1 on 2 Attempt(s) - 50.00%
Avalanche - 1 on 2 Attempt(s) - 50.00%
Penalty Kill
Devils - 1 on 2 Attempt(s) - 50.00%
- Score 0 goal in Penalty Kill
Avalanche - 1 on 2 Attempt(s) - 50.00%
- Score 0 goal in Penalty Kill
Team Stat
Devils - Hits : 26 - Faceoff Wins : 27 - Blocked Shots : 14 - Penalty Minutes : 4
Avalanche - Hits : 22 - Faceoff Wins : 31 - Blocked Shots : 13 - Penalty Minutes : 4
Official
Referees : TJ Luxmore and Conor O'Donnell
Linesman : Kyle Flemington and Tony Sericolo
Game Notes
No Game Note
Finance
Level 1 -- Attendance: 5896 (98.27%) -- Ticket Income $589,600
Level 2 -- Attendance: 4674 (93.48%) -- Ticket Income $280,440
Level 3 -- Attendance: 1885 (94.25%) -- Ticket Income $65,975
Level 4 -- Attendance: 4000 (100.00%) -- Ticket Income $100,000
Luxury Box -- Attendance: 1000 (100.00%) -- Ticket Income $200,000
Game was played at the Pepsi Center.
Total Attendance: 17455 (96.97%)
Total Ticket Income: $1,236,015
Other Income: $185,402
Total Income: $1,421,417
Devils
5 vs 5 Forward
Center Left Wing Right Wing Time % Phy DF OF
1 Nazem Kadri Tyler Ennis Marian Gaborik 34 0 2 3
2 Aleksander Barkov Jonathan Huberdeau Nick Palmieri 30 0 2 3
3 Brayden Point Eric Tangradi Jason Pominville 26 0 2 3
4 Anton Lander Sven Baertschi Logan Shaw 10 0 3 2
5 vs 5 Defense
Defense Defense Time % Phy DF OF
1 Kristopher Letang Anton Stralman 38 0 3 2
2 Michael Del Zotto Brandon Carlo 36 0 3 2
3 Matt Donovan Thomas Hickey 26 0 3 2
4 Kristopher Letang Anton Stralman 0 0 3 2
PowerPlay Forward
Center Left Wing Right Wing Time % Phy DF OF
1 Nazem Kadri Tyler Ennis Marian Gaborik 60 0 1 4
2 Aleksander Barkov Jonathan Huberdeau Nick Palmieri 40 0 1 4
PowerPlay Defense
Defense Defense Time % Phy DF OF
1 Kristopher Letang Michael Del Zotto 60 0 2 3
2 Matt Donovan Thomas Hickey 40 0 2 3
Penalty Kill 4 Players Forward
Center Wing Time % Phy DF OF
1 Anton Lander Eric Tangradi 65 1 3 1
2 Nazem Kadri Tyler Ennis 35 1 3 1
Penalty Kill 4 Players Defense
Defense Defense Time % Phy DF OF
1 Anton Stralman Brandon Carlo 60 1 4 0
2 Michael Del Zotto Matt Donovan 40 1 4 0
Penalty Kill - 3 Players Forward
Forward Time % Phy DF OF
1 Nazem Kadri 60 1 3 1
2 Aleksander Barkov 40 1 3 1
Penalty Kill - 3 Players Defense
Defense Defense Time % Phy DF OF
1 Kristopher Letang Michael Del Zotto 60 1 4 0
2 Anton Stralman Matt Donovan 40 1 4 0
4 vs 4 Forward
Center Wing Time % Phy DF OF
1 Nazem Kadri Tyler Ennis 60 0 2 3
2 Aleksander Barkov Jonathan Huberdeau 40 0 2 3
4 vs 4 Defense
Defense Defense Time % Phy DF OF
1 Kristopher Letang Anton Stralman 60 0 3 2
2 Michael Del Zotto Matt Donovan 40 0 3 2
Last Minutes Offensive
Center Left Wing Right Wing Defense Defense
Nazem Kadri Tyler Ennis Nick Palmieri Kristopher Letang Michael Del Zotto
Last Minutes Defensive
Center Left Wing Right Wing Defense Defense
Anton Lander Tyler Ennis Nick Palmieri Brandon Carlo Anton Stralman
Goaltenders
Starting : Tyler Weiman
Backup : Maxime Daigneault
Extra Forwards
Normal : Brayden Point, Jason Pominville, Aleksander Barkov - PP : Brayden Point, Jason Pominville - PK : Jason Pominville
Extra Defensemen
Normal : Matt Donovan, Brandon Carlo, Thomas Hickey - PP : Thomas Hickey - PK : Matt Donovan, Brandon Carlo
Penalty Shots
Tyler Ennis, Nazem Kadri, Nick Palmieri, Aleksander Barkov, Brayden Point
Scratches
None
Avalanche
5 vs 5 Forward
Center Left Wing Right Wing Time % Phy DF OF
1 Bryan Little Mikkel Boedker Patric Hornqvist 40 1 2 2
2 Charlie Coyle James Van Riemsdyk Luke Witkowski 30 1 2 2
3 Vincent Trocheck Tomas Tatar Pavel Buchnevich 20 1 2 2
4 Kyle Turris Mikkel Boedker Bryan Little 10 1 2 2
5 vs 5 Defense
Defense Defense Time % Phy DF OF
1 Jack Johnson Marc Staal 40 1 2 2
2 Erik Karlsson Colten Teubert 30 1 2 2
3 Mattias Ekholm Stefan Elliott 20 1 2 2
4 Joel Edmundson Jarred Tinordi 10 1 2 2
PowerPlay Forward
Center Left Wing Right Wing Time % Phy DF OF
1 Bryan Little Mikkel Boedker Patric Hornqvist 60 1 2 2
2 Charlie Coyle James Van Riemsdyk Luke Witkowski 40 1 2 2
PowerPlay Defense
Defense Defense Time % Phy DF OF
1 Jack Johnson Marc Staal 60 1 2 2
2 Erik Karlsson Colten Teubert 40 1 2 2
Penalty Kill 4 Players Forward
Center Wing Time % Phy DF OF
1 Mikkel Boedker Bryan Little 60 1 2 2
2 Patric Hornqvist Charlie Coyle 40 1 2 2
Penalty Kill 4 Players Defense
Defense Defense Time % Phy DF OF
1 Jack Johnson Marc Staal 60 1 2 2
2 Erik Karlsson Colten Teubert 40 1 2 2
Penalty Kill - 3 Players Forward
Forward Time % Phy DF OF
1 Mikkel Boedker 60 1 2 2
2 Bryan Little 40 1 2 2
Penalty Kill - 3 Players Defense
Defense Defense Time % Phy DF OF
1 Jack Johnson Marc Staal 60 1 2 2
2 Erik Karlsson Colten Teubert 40 1 2 2
4 vs 4 Forward
Center Wing Time % Phy DF OF
1 Mikkel Boedker Bryan Little 60 1 2 2
2 Patric Hornqvist Charlie Coyle 40 1 2 2
4 vs 4 Defense
Defense Defense Time % Phy DF OF
1 Jack Johnson Marc Staal 60 1 2 2
2 Erik Karlsson Colten Teubert 40 1 2 2
Last Minutes Offensive
Center Left Wing Right Wing Defense Defense
Bryan Little Mikkel Boedker Patric Hornqvist Jack Johnson Marc Staal
Last Minutes Defensive
Center Left Wing Right Wing Defense Defense
Bryan Little Mikkel Boedker Patric Hornqvist Jack Johnson Marc Staal
Goaltenders
Starting : Semyon Varlamov
Backup : Marek Mazanek
Extra Forwards
Normal : Vincent Trocheck, Pavel Buchnevich, Tomas Tatar - PP : Vincent Trocheck, Pavel Buchnevich - PK : Tomas Tatar
Extra Defensemen
Normal : Mattias Ekholm, Stefan Elliott, Joel Edmundson - PP : Mattias Ekholm - PK : Stefan Elliott, Joel Edmundson
Penalty Shots
Mikkel Boedker, Bryan Little, Patric Hornqvist, Charlie Coyle, Luke Witkowski
Scratches
Daniel Carr (Healthy), Evgeny Dadonov (Healthy)
% Time on Ice - Devils
Lines # - Real PCT - Wanted PCT - Time Play
Normal Forward
1 - 31% - 34% - 16:11
2 - 28% - 30% - 14:43
3 - 27% - 26% - 14:16
4 - 15% - 10% - 7:48
Normal Defense
1 - 38% - 38% - 20:06
2 - 36% - 36% - 18:51
3 - 26% - 26% - 14:01
4 - 0% - 0% - 0:00
PP Forward
1 - 47% - 60% - 1:48
2 - 53% - 40% - 2:00
PP Defense
1 - 60% - 60% - 2:16
2 - 40% - 40% - 1:32
PK Forward
1 - 100% - 65% - 2:12
2 - 0% - 35% - 0:00
PK Defense
1 - 61% - 60% - 1:21
2 - 39% - 40% - 0:51
PK3 Forward
1 - 0% - 60%
2 - 0% - 40%
PK3 Defense
1 - 0% - 60%
2 - 0% - 40%
44 Forward
1 - 0% - 60%
2 - 0% - 40%
44 Defense
1 - 0% - 60%
2 - 0% - 40%
Last Minute Offensive - 0:00
Last Minute Defensive - 1:02
Total
Forward - 60:00
Defense - 60:00
|
% Time on Ice - Avalanche
Lines # - Real PCT - Wanted PCT - Time Play
Normal Forward
1 - 31% - 40% - 16:32
2 - 31% - 30% - 16:06
3 - 29% - 20% - 15:15
4 - 9% - 10% - 4:52
Normal Defense
1 - 42% - 40% - 21:57
2 - 29% - 30% - 15:21
3 - 19% - 20% - 9:50
4 - 11% - 10% - 5:37
PP Forward
1 - 59% - 60% - 1:18
2 - 41% - 40% - 0:54
PP Defense
1 - 54% - 60% - 1:11
2 - 46% - 40% - 1:01
PK Forward
1 - 85% - 60% - 3:14
2 - 15% - 40% - 0:34
PK Defense
1 - 61% - 60% - 2:19
2 - 39% - 40% - 1:29
PK3 Forward
1 - 0% - 60%
2 - 0% - 40%
PK3 Defense
1 - 0% - 60%
2 - 0% - 40%
44 Forward
1 - 0% - 60%
2 - 0% - 40%
44 Defense
1 - 0% - 60%
2 - 0% - 40%
Last Minute Offensive - 1:15
Last Minute Defensive - 0:00
Total
Forward - 60:00
Defense - 60:00
|
Play-by-Play
1st period
0:01 of 1st period - Nazem Kadri wins face-off versus Bryan Little in neutral zone.
0:30 of 1st period - Off-side.
0:31 of 1st period - Charlie Coyle wins face-off versus Brayden Point in neutral zone.
0:48 of 1st period - Wrist shot by Luke Witkowski.
0:48 of 1st period - Shot Blocked by Michael Del Zotto.
0:50 of 1st period - Snap shot by Erik Karlsson.
0:50 of 1st period - Shot Blocked by Michael Del Zotto.
0:52 of 1st period - Wrist shot by Charlie Coyle.
0:52 of 1st period - Stopped by Tyler Weiman with a rebound.
1:33 of 1st period - Snap shot by James Van Riemsdyk.
1:33 of 1st period - Shot Blocked by Jason Pominville.
1:35 of 1st period - Snap shot by Charlie Coyle.
1:35 of 1st period - Stopped by Tyler Weiman without a rebound.
1:36 of 1st period - Aleksander Barkov wins face-off versus Vincent Trocheck in Devils zone.
1:36 of 1st period - Aleksander Barkov is hit by Tomas Tatar.
1:41 of 1st period - Off-side.
1:42 of 1st period - Vincent Trocheck wins face-off versus Aleksander Barkov in neutral zone.
1:53 of 1st period - Wrist shot by Nick Palmieri.
1:53 of 1st period - Shot Misses the Net.
1:55 of 1st period - Snap shot by Nick Palmieri.
1:55 of 1st period - Stopped by Semyon Varlamov without a rebound.
1:56 of 1st period - Nazem Kadri wins face-off versus Bryan Little in Avalanche zone.
2:09 of 1st period - Slapshot by Patric Hornqvist.
2:09 of 1st period - Shot Misses the Net.
2:11 of 1st period - Slapshot by Jack Johnson.
2:11 of 1st period - Shot Blocked by Matt Donovan.
2:13 of 1st period - Slapshot by Marc Staal.
2:13 of 1st period - Shot Misses the Net.
2:23 of 1st period - Marc Staal is hit by Thomas Hickey and loses puck.
2:52 of 1st period - Snap shot by Luke Witkowski.
2:52 of 1st period - Shot Blocked by Nick Palmieri.
3:30 of 1st period - Brayden Point is hit by Pavel Buchnevich and loses puck.
4:03 of 1st period - Slapshot by Nazem Kadri.
4:03 of 1st period - Shot Blocked by Jarred Tinordi.
4:24 of 1st period - Wrist shot by Mikkel Boedker.
4:24 of 1st period - Shot Hit the Post.
4:56 of 1st period - Snap shot by Nazem Kadri.
4:56 of 1st period - Stopped by Semyon Varlamov without a rebound.
4:57 of 1st period - Nick Palmieri wins face-off versus Vincent Trocheck in Avalanche zone.
5:02 of 1st period - Snap shot by Jonathan Huberdeau.
5:02 of 1st period - Stopped by Semyon Varlamov with a rebound.
5:24 of 1st period - Charlie Coyle is hit by Eric Tangradi and loses puck.
5:33 of 1st period - Wrist shot by Eric Tangradi.
5:33 of 1st period - Shot Misses the Net.
5:53 of 1st period - James Van Riemsdyk is hit by Kristopher Letang and loses puck.
5:58 of 1st period - Backhand shot by Matt Donovan.
5:58 of 1st period - Stopped by Semyon Varlamov with a rebound.
7:36 of 1st period - Patric Hornqvist is hit by Jonathan Huberdeau and loses puck.
8:09 of 1st period - Bryan Little is hit by Anton Lander and loses puck.
8:38 of 1st period - Snap shot by Marian Gaborik.
8:38 of 1st period - Shot Misses the Net.
8:40 of 1st period - Slapshot by Thomas Hickey.
8:40 of 1st period - Stopped by Semyon Varlamov with a rebound.
8:44 of 1st period - Wrist shot by Nazem Kadri.
8:44 of 1st period - Shot Misses the Net.
9:04 of 1st period - Mikkel Boedker is hit by Nick Palmieri and loses puck.
9:19 of 1st period - Marc Staal is hit by Sven Baertschi and loses puck.
9:28 of 1st period - Snap shot by Logan Shaw.
9:28 of 1st period - Deflect By Sven Baertschi.
9:28 of 1st period - Stopped by Semyon Varlamov with a rebound.
9:30 of 1st period - Slapshot by Thomas Hickey.
9:30 of 1st period - Stopped by Semyon Varlamov without a rebound.
9:31 of 1st period - Nazem Kadri wins face-off versus Vincent Trocheck in Avalanche zone.
10:10 of 1st period - Wrist shot by Jonathan Huberdeau.
10:10 of 1st period - Stopped by Semyon Varlamov without a rebound.
10:11 of 1st period - Brayden Point wins face-off versus Charlie Coyle in Avalanche zone.
10:45 of 1st period - Off-side.
10:46 of 1st period - Patric Hornqvist wins face-off versus Aleksander Barkov in neutral zone.
10:53 of 1st period - Snap shot by Bryan Little.
10:53 of 1st period - Shot Misses the Net.
10:55 of 1st period - Snap shot by Mikkel Boedker.
10:55 of 1st period - Shot Misses the Net.
11:18 of 1st period - Wrist shot by Tyler Ennis.
11:18 of 1st period - Stopped by Semyon Varlamov without a rebound.
11:19 of 1st period - Nazem Kadri wins face-off versus Bryan Little in Avalanche zone.
11:20 of 1st period - Snap shot by Marian Gaborik.
11:20 of 1st period - Shot Misses the Net.
11:44 of 1st period - Thomas Hickey is hit by Vincent Trocheck and loses puck.
11:51 of 1st period - Tomas Tatar is hit by Jonathan Huberdeau and loses puck.
11:58 of 1st period - Snap shot by Nick Palmieri.
11:58 of 1st period - Stopped by Semyon Varlamov without a rebound.
11:59 of 1st period - Mikkel Boedker wins face-off versus Brayden Point in Avalanche zone.
11:59 of 1st period - Mikkel Boedker is hit by Brayden Point.
12:05 of 1st period - Wrist shot by Patric Hornqvist.
12:05 of 1st period - Stopped by Tyler Weiman with a rebound.
12:11 of 1st period - Slapshot by Michael Del Zotto.
12:11 of 1st period - Stopped by Semyon Varlamov with a rebound.
13:01 of 1st period - Marian Gaborik is hit by Tomas Tatar and loses puck.
13:16 of 1st period - Snap shot by Bryan Little.
13:16 of 1st period - Shot Blocked by Thomas Hickey.
13:24 of 1st period - Slapshot by Thomas Hickey.
13:24 of 1st period - Deflect By Mikkel Boedker.
13:24 of 1st period - Stopped by Semyon Varlamov without a rebound.
13:25 of 1st period - Charlie Coyle wins face-off versus Brayden Point in Avalanche zone.
13:44 of 1st period - Jason Pominville is hit by Charlie Coyle and loses puck.
14:39 of 1st period - Wrist shot by Vincent Trocheck.
14:39 of 1st period - Shot Misses the Net.
14:49 of 1st period - Kristopher Letang is hit by James Van Riemsdyk and loses puck.
15:25 of 1st period - Pavel Buchnevich is hit by Logan Shaw and loses puck.
15:42 of 1st period - Wrist shot by Luke Witkowski.
15:42 of 1st period - Goal by Luke Witkowski - Devils : 0 - Avalanche : 1.
15:43 of 1st period - Nazem Kadri wins face-off versus Mikkel Boedker in neutral zone.
15:51 of 1st period - Tyler Ennis is hit by Jack Johnson.
17:00 of 1st period - Matt Donovan is hit by Patric Hornqvist and loses puck.
17:23 of 1st period - James Van Riemsdyk is hit by Brayden Point and loses puck.
17:50 of 1st period - Snap shot by Jason Pominville.
17:50 of 1st period - Stopped by Semyon Varlamov with a rebound.
17:52 of 1st period - Slapshot by Eric Tangradi.
17:52 of 1st period - Shot Blocked by Stefan Elliott.
18:12 of 1st period - Slapshot by Matt Donovan.
18:12 of 1st period - Shot Misses the Net.
18:14 of 1st period - Slapshot by Eric Tangradi.
18:14 of 1st period - Shot Blocked by Luke Witkowski.
18:16 of 1st period - Slapshot by Eric Tangradi.
18:16 of 1st period - Shot Blocked by Luke Witkowski.
18:26 of 1st period - Wrist shot by Eric Tangradi.
18:26 of 1st period - Shot Blocked by Mattias Ekholm.
18:30 of 1st period - Snap shot by Jason Pominville.
18:30 of 1st period - Stopped by Semyon Varlamov with a rebound.
18:32 of 1st period - Slapshot by Matt Donovan.
18:32 of 1st period - Shot Misses the Net.
18:38 of 1st period - Slapshot by Eric Tangradi.
18:38 of 1st period - Shot Misses the Net.
18:40 of 1st period - Snap shot by Eric Tangradi.
18:40 of 1st period - Stopped by Semyon Varlamov with a rebound.
18:42 of 1st period - Slapshot by Matt Donovan.
18:42 of 1st period - Stopped by Semyon Varlamov without a rebound.
18:43 of 1st period - Nazem Kadri wins face-off versus Bryan Little in Avalanche zone.
19:19 of 1st period - Wrist shot by Aleksander Barkov.
19:19 of 1st period - Stopped by Semyon Varlamov without a rebound.
19:20 of 1st period - Bryan Little wins face-off versus Aleksander Barkov in Avalanche zone.
19:39 of 1st period - Icing by Aleksander Barkov.
19:40 of 1st period - Vincent Trocheck wins face-off versus Aleksander Barkov in Devils zone.
19:41 of 1st period - Slapshot by Pavel Buchnevich.
19:41 of 1st period - Deflect By Tomas Tatar.
19:41 of 1st period - Shot Misses the Net.
19:41 of 1st period - Puck is out of play.
19:42 of 1st period - Nazem Kadri wins face-off versus Vincent Trocheck in Devils zone.
19:51 of 1st period - Wrist shot by Vincent Trocheck.
19:51 of 1st period - Shot Hit the Post.
19:53 of 1st period - Wrist shot by Vincent Trocheck.
19:53 of 1st period - Stopped by Tyler Weiman without a rebound.
19:54 of 1st period - Nazem Kadri wins face-off versus Bryan Little in Devils zone.
Goals for this period are 0 for Devils vs 1 for Avalanche.
Shots for this period are 17 for Devils vs 5 for Avalanche.
2nd period
0:01 of 2nd period - Nazem Kadri wins face-off versus Bryan Little in neutral zone.
0:12 of 2nd period - Tyler Ennis is hit by Mikkel Boedker and loses puck.
0:34 of 2nd period - Wrist shot by Aleksander Barkov.
0:34 of 2nd period - Stopped by Semyon Varlamov with a rebound.
1:16 of 2nd period - Bryan Little is hit by Sven Baertschi and loses puck.
1:43 of 2nd period - Tomas Tatar is hit by Jonathan Huberdeau and loses puck.
2:24 of 2nd period - Slapshot by Luke Witkowski.
2:24 of 2nd period - Stopped by Tyler Weiman without a rebound.
2:25 of 2nd period - Charlie Coyle wins face-off versus Marian Gaborik in Devils zone.
2:36 of 2nd period - Wrist shot by Charlie Coyle.
2:36 of 2nd period - Stopped by Tyler Weiman with a rebound.
2:38 of 2nd period - Snap shot by James Van Riemsdyk.
2:38 of 2nd period - Shot Misses the Net.
2:40 of 2nd period - Slapshot by Joel Edmundson.
2:40 of 2nd period - Shot Misses the Net.
2:42 of 2nd period - Wrist shot by James Van Riemsdyk.
2:42 of 2nd period - Shot Blocked by Kristopher Letang.
3:14 of 2nd period - Eric Tangradi is hit by Tomas Tatar and loses puck.
3:49 of 2nd period - Minor Penalty to Sven Baertschi for Roughing.
3:50 of 2nd period - Anton Lander wins face-off versus Bryan Little in Devils zone.
3:50 of 2nd period - Anton Lander is hit by Marc Staal.
4:52 of 2nd period - Wrist shot by Aleksander Barkov.
4:52 of 2nd period - Stopped by Semyon Varlamov with a rebound.
4:54 of 2nd period - Slapshot by Aleksander Barkov.
4:54 of 2nd period - Shot Blocked by Colten Teubert.
4:56 of 2nd period - Slapshot by Matt Donovan.
4:56 of 2nd period - Shot Blocked by Colten Teubert.
5:49 of 2nd period - Penalty to Sven Baertschi is over, Sven Baertschi is back on ice.
6:06 of 2nd period - Wrist shot by Nazem Kadri.
6:06 of 2nd period - Shot Misses the Net.
6:28 of 2nd period - Tomas Tatar is hit by Eric Tangradi and loses puck.
9:37 of 2nd period - Bryan Little is hit by Jason Pominville and loses puck.
10:50 of 2nd period - Marc Staal is hit by Logan Shaw and loses puck.
11:01 of 2nd period - Slapshot by Tyler Ennis.
11:01 of 2nd period - Deflect By Pavel Buchnevich.
11:01 of 2nd period - Goal by Tyler Ennis - Devils : 1 - Avalanche : 1.
11:02 of 2nd period - Bryan Little wins face-off versus Marian Gaborik in neutral zone.
11:13 of 2nd period - Snap shot by Tyler Ennis.
11:13 of 2nd period - Shot Misses the Net.
11:19 of 2nd period - Slapshot by Bryan Little.
11:19 of 2nd period - Shot Blocked by Nazem Kadri.
11:29 of 2nd period - Luke Witkowski is hit by Nick Palmieri and loses puck.
11:52 of 2nd period - Wrist shot by Eric Tangradi.
11:52 of 2nd period - Stopped by Semyon Varlamov without a rebound.
11:53 of 2nd period - Vincent Trocheck wins face-off versus Brayden Point in Avalanche zone.
12:20 of 2nd period - Tomas Tatar is hit by Eric Tangradi and loses puck.
12:35 of 2nd period - Snap shot by Jason Pominville.
12:35 of 2nd period - Deflect By Brayden Point.
12:35 of 2nd period - Stopped by Semyon Varlamov with a rebound.
12:41 of 2nd period - Wrist shot by Vincent Trocheck.
12:41 of 2nd period - Shot Misses the Net.
12:43 of 2nd period - Wrist shot by Pavel Buchnevich.
12:43 of 2nd period - Shot Blocked by Thomas Hickey.
12:45 of 2nd period - Slapshot by Marc Staal.
12:45 of 2nd period - Shot Blocked by Thomas Hickey.
12:51 of 2nd period - Snap shot by Pavel Buchnevich.
12:51 of 2nd period - Shot Misses the Net.
12:53 of 2nd period - Wrist shot by Vincent Trocheck.
12:53 of 2nd period - Shot Misses the Net.
12:57 of 2nd period - Slapshot by Vincent Trocheck.
12:57 of 2nd period - Shot Hit the Post.
12:59 of 2nd period - Snap shot by Vincent Trocheck.
12:59 of 2nd period - Goal by Vincent Trocheck - Devils : 1 - Avalanche : 2.
13:00 of 2nd period - Bryan Little wins face-off versus Nazem Kadri in neutral zone.
13:17 of 2nd period - Wrist shot by Patric Hornqvist.
13:17 of 2nd period - Stopped by Tyler Weiman with a rebound.
13:27 of 2nd period - James Van Riemsdyk is hit by Aleksander Barkov and loses puck.
13:36 of 2nd period - Snap shot by Jonathan Huberdeau.
13:36 of 2nd period - Shot Misses the Net.
13:50 of 2nd period - Wrist shot by Sven Baertschi.
13:50 of 2nd period - Shot Blocked by Colten Teubert.
14:44 of 2nd period - Snap shot by Anton Stralman.
14:44 of 2nd period - Deflect By Jason Pominville.
14:44 of 2nd period - Stopped by Semyon Varlamov without a rebound.
14:45 of 2nd period - Bryan Little wins face-off versus Nazem Kadri in Avalanche zone.
14:45 of 2nd period - Bryan Little is hit by Nazem Kadri.
14:59 of 2nd period - Jack Johnson is hit by Nazem Kadri and loses puck.
15:22 of 2nd period - Wrist shot by Tomas Tatar.
15:22 of 2nd period - Shot Misses the Net.
15:40 of 2nd period - Wrist shot by Anton Lander.
15:40 of 2nd period - Stopped by Semyon Varlamov with a rebound.
16:45 of 2nd period - Off-side.
16:46 of 2nd period - Bryan Little wins face-off versus Aleksander Barkov in neutral zone.
16:57 of 2nd period - Snap shot by Jonathan Huberdeau.
16:57 of 2nd period - Stopped by Semyon Varlamov without a rebound.
16:58 of 2nd period - Bryan Little wins face-off versus Nazem Kadri in Avalanche zone.
16:58 of 2nd period - Bryan Little is hit by Tyler Ennis.
17:36 of 2nd period - Slapshot by Aleksander Barkov.
17:36 of 2nd period - Shot Misses the Net.
17:53 of 2nd period - Snap shot by Mikkel Boedker.
17:53 of 2nd period - Shot Misses the Net.
18:45 of 2nd period - Snap shot by Nick Palmieri.
18:45 of 2nd period - Stopped by Semyon Varlamov without a rebound.
18:46 of 2nd period - Aleksander Barkov wins face-off versus Vincent Trocheck in Avalanche zone.
18:47 of 2nd period - Backhand shot by Jonathan Huberdeau.
18:47 of 2nd period - Stopped by Semyon Varlamov with a rebound.
18:49 of 2nd period - Slapshot by Aleksander Barkov.
18:49 of 2nd period - Goal by Aleksander Barkov - Devils : 2 - Avalanche : 2.
18:50 of 2nd period - Bryan Little wins face-off versus Nazem Kadri in neutral zone.
18:59 of 2nd period - Wrist shot by Patric Hornqvist.
18:59 of 2nd period - Stopped by Tyler Weiman with a rebound.
19:01 of 2nd period - Slapshot by Marc Staal.
19:01 of 2nd period - Stopped by Tyler Weiman with a rebound.
19:03 of 2nd period - Wrist shot by Bryan Little.
19:03 of 2nd period - Stopped by Tyler Weiman without a rebound.
19:04 of 2nd period - Bryan Little wins face-off versus Aleksander Barkov in Devils zone.
19:13 of 2nd period - Icing by Bryan Little.
19:14 of 2nd period - Aleksander Barkov wins face-off versus Bryan Little in Avalanche zone.
19:21 of 2nd period - Wrist shot by Aleksander Barkov.
19:21 of 2nd period - Shot Misses the Net.
19:41 of 2nd period - Wrist shot by Bryan Little.
19:41 of 2nd period - Shot Blocked by Kristopher Letang.
19:43 of 2nd period - Snap shot by Patric Hornqvist.
19:43 of 2nd period - Goal by Patric Hornqvist - Devils : 2 - Avalanche : 3.
19:44 of 2nd period - Nazem Kadri wins face-off versus Bryan Little in neutral zone.
19:53 of 2nd period - Slapshot by Tyler Ennis.
19:53 of 2nd period - Stopped by Semyon Varlamov without a rebound.
19:54 of 2nd period - Bryan Little wins face-off versus Nazem Kadri in Avalanche zone.
Goals for this period are 2 for Devils vs 2 for Avalanche.
Shots for this period are 12 for Devils vs 8 for Avalanche.
3rd period
0:01 of 3rd period - Bryan Little wins face-off versus Nazem Kadri in neutral zone.
0:04 of 3rd period - Nazem Kadri is hit by Patric Hornqvist and loses puck.
0:13 of 3rd period - Wrist shot by Mikkel Boedker.
0:13 of 3rd period - Shot Misses the Net.
0:15 of 3rd period - Wrist shot by Bryan Little.
0:15 of 3rd period - Shot Misses the Net.
0:27 of 3rd period - Aleksander Barkov is hit by Erik Karlsson and loses puck.
0:42 of 3rd period - Anton Stralman is hit by James Van Riemsdyk and loses puck.
1:37 of 3rd period - Brayden Point is hit by Bryan Little and loses puck.
1:51 of 3rd period - Minor Penalty to Vincent Trocheck for Hooking.
1:52 of 3rd period - Nazem Kadri wins face-off versus Mikkel Boedker in Avalanche zone.
1:54 of 3rd period - Wrist shot by Nazem Kadri.
1:54 of 3rd period - Shot Misses the Net.
1:56 of 3rd period - Snap shot by Nazem Kadri.
1:56 of 3rd period - Shot Blocked by Marc Staal.
1:58 of 3rd period - Slapshot by Kristopher Letang.
1:58 of 3rd period - Shot Misses the Net.
3:15 of 3rd period - Wrist shot by Patric Hornqvist.
3:15 of 3rd period - Stopped by Tyler Weiman with a rebound.
3:40 of 3rd period - Wrist shot by Aleksander Barkov.
3:40 of 3rd period - Goal by Aleksander Barkov - Devils : 3 - Avalanche : 3.
3:41 of 3rd period - Bryan Little wins face-off versus Nazem Kadri in neutral zone.
3:50 of 3rd period - Snap shot by Tyler Ennis.
3:50 of 3rd period - Shot Misses the Net.
3:52 of 3rd period - Minor Penalty to Bryan Little for Hooking.
3:53 of 3rd period - Nazem Kadri wins face-off versus Mikkel Boedker in Avalanche zone.
3:58 of 3rd period - Wrist shot by Nazem Kadri.
3:58 of 3rd period - Deflect By Tyler Ennis.
3:58 of 3rd period - Shot Blocked by Mikkel Boedker.
3:58 of 3rd period - Puck is out of play.
3:59 of 3rd period - Mikkel Boedker wins face-off versus Nazem Kadri in Avalanche zone.
4:40 of 3rd period - Off-side.
4:41 of 3rd period - Charlie Coyle wins face-off versus Nazem Kadri in neutral zone.
4:54 of 3rd period - Off-side.
4:55 of 3rd period - Mikkel Boedker wins face-off versus Nazem Kadri in neutral zone.
4:58 of 3rd period - Snap shot by Mikkel Boedker.
4:58 of 3rd period - Stopped by Tyler Weiman with a rebound.
5:52 of 3rd period - Penalty to Bryan Little is over, Bryan Little is back on ice.
6:02 of 3rd period - Brayden Point is hit by Erik Karlsson and loses puck.
6:15 of 3rd period - Slapshot by Matt Donovan.
6:15 of 3rd period - Stopped by Semyon Varlamov with a rebound.
6:17 of 3rd period - Slapshot by Matt Donovan.
6:17 of 3rd period - Shot Misses the Net.
6:21 of 3rd period - Snap shot by Anton Lander.
6:21 of 3rd period - Stopped by Semyon Varlamov without a rebound.
6:22 of 3rd period - Charlie Coyle wins face-off versus Anton Lander in Avalanche zone.
6:33 of 3rd period - Snap shot by Charlie Coyle.
6:33 of 3rd period - Stopped by Tyler Weiman without a rebound.
6:34 of 3rd period - Bryan Little wins face-off versus Tyler Ennis in Devils zone.
6:35 of 3rd period - Slapshot by Mikkel Boedker.
6:35 of 3rd period - Stopped by Tyler Weiman with a rebound.
6:51 of 3rd period - Wrist shot by Nazem Kadri.
6:51 of 3rd period - Stopped by Semyon Varlamov with a rebound.
7:01 of 3rd period - Aleksander Barkov is hit by Luke Witkowski and loses puck.
7:08 of 3rd period - Slapshot by Luke Witkowski.
7:08 of 3rd period - Deflect By Charlie Coyle.
7:08 of 3rd period - Shot Misses the Net.
7:08 of 3rd period - Puck is out of play.
7:09 of 3rd period - Aleksander Barkov wins face-off versus Charlie Coyle in Devils zone.
8:51 of 3rd period - Snap shot by Tyler Ennis.
8:51 of 3rd period - Goal by Tyler Ennis - Devils : 4 - Avalanche : 3.
8:52 of 3rd period - Nazem Kadri wins face-off versus Bryan Little in neutral zone.
8:55 of 3rd period - Mikkel Boedker is hit by Kristopher Letang and loses puck.
8:59 of 3rd period - Icing by Erik Karlsson.
9:00 of 3rd period - Bryan Little wins face-off versus Nazem Kadri in Avalanche zone.
9:19 of 3rd period - Slapshot by Mikkel Boedker.
9:19 of 3rd period - Shot Blocked by Nazem Kadri.
9:27 of 3rd period - Slapshot by Mikkel Boedker.
9:27 of 3rd period - Stopped by Tyler Weiman without a rebound.
9:28 of 3rd period - Charlie Coyle wins face-off versus Aleksander Barkov in Devils zone.
9:31 of 3rd period - Slapshot by James Van Riemsdyk.
9:31 of 3rd period - Deflect By Aleksander Barkov.
9:31 of 3rd period - Stopped by Tyler Weiman without a rebound.
9:32 of 3rd period - Aleksander Barkov wins face-off versus Charlie Coyle in Devils zone.
9:58 of 3rd period - Snap shot by Vincent Trocheck.
9:58 of 3rd period - Shot Hit the Post.
10:17 of 3rd period - Icing by Vincent Trocheck.
10:18 of 3rd period - Nazem Kadri wins face-off versus Vincent Trocheck in Avalanche zone.
10:24 of 3rd period - Wrist shot by Tyler Ennis.
10:24 of 3rd period - Shot Misses the Net.
10:26 of 3rd period - Slapshot by Anton Stralman.
10:26 of 3rd period - Shot Misses the Net.
10:28 of 3rd period - Slapshot by Kristopher Letang.
10:28 of 3rd period - Stopped by Semyon Varlamov without a rebound.
10:29 of 3rd period - Bryan Little wins face-off versus Tyler Ennis in Avalanche zone.
10:34 of 3rd period - Marian Gaborik is hit by Mattias Ekholm.
10:44 of 3rd period - Snap shot by Nazem Kadri.
10:44 of 3rd period - Stopped by Semyon Varlamov without a rebound.
10:45 of 3rd period - Aleksander Barkov wins face-off versus Charlie Coyle in Avalanche zone.
10:55 of 3rd period - Icing by Marc Staal.
10:56 of 3rd period - Charlie Coyle wins face-off versus Nazem Kadri in Avalanche zone.
12:00 of 3rd period - Eric Tangradi is hit by Tomas Tatar and loses puck.
12:10 of 3rd period - Icing by Pavel Buchnevich.
12:11 of 3rd period - Nazem Kadri wins face-off versus Vincent Trocheck in Avalanche zone.
12:44 of 3rd period - Wrist shot by Vincent Trocheck.
12:44 of 3rd period - Shot Misses the Net.
13:02 of 3rd period - Slapshot by Anton Lander.
13:02 of 3rd period - Stopped by Semyon Varlamov without a rebound.
13:03 of 3rd period - Logan Shaw wins face-off versus Patric Hornqvist in Avalanche zone.
13:12 of 3rd period - Snap shot by Sven Baertschi.
13:12 of 3rd period - Shot Blocked by Erik Karlsson.
13:14 of 3rd period - Snap shot by Anton Lander.
13:14 of 3rd period - Deflect By Logan Shaw.
13:14 of 3rd period - Stopped by Semyon Varlamov with a rebound.
13:16 of 3rd period - Snap shot by Logan Shaw.
13:16 of 3rd period - Stopped by Semyon Varlamov with a rebound.
13:18 of 3rd period - Wrist shot by Logan Shaw.
13:18 of 3rd period - Shot Blocked by Patric Hornqvist.
13:28 of 3rd period - Kristopher Letang is hit by Charlie Coyle and loses puck.
14:22 of 3rd period - Brandon Carlo is hit by James Van Riemsdyk and loses puck.
15:15 of 3rd period - Slapshot by Anton Lander.
15:15 of 3rd period - Goal by Anton Lander - Devils : 5 - Avalanche : 3.
15:16 of 3rd period - Kyle Turris wins face-off versus Brayden Point in neutral zone.
15:43 of 3rd period - Colten Teubert is hit by Aleksander Barkov and loses puck.
15:54 of 3rd period - Nick Palmieri is hit by James Van Riemsdyk.
16:32 of 3rd period - Wrist shot by Jason Pominville.
16:32 of 3rd period - Shot Blocked by Jack Johnson.
16:47 of 3rd period - Marc Staal is hit by Brayden Point and loses puck.
16:58 of 3rd period - Snap shot by Charlie Coyle.
16:58 of 3rd period - Stopped by Tyler Weiman with a rebound.
17:00 of 3rd period - Slapshot by Marc Staal.
17:00 of 3rd period - Shot Blocked by Thomas Hickey.
17:06 of 3rd period - Wrist shot by Charlie Coyle.
17:06 of 3rd period - Shot Misses the Net.
17:08 of 3rd period - Wrist shot by Charlie Coyle.
17:08 of 3rd period - Deflect By James Van Riemsdyk.
17:08 of 3rd period - Stopped by Tyler Weiman without a rebound.
17:09 of 3rd period - Nazem Kadri wins face-off versus Bryan Little in Devils zone.
17:11 of 3rd period - Minor Penalty to Tyler Ennis for Cross-checking.
17:12 of 3rd period - Bryan Little wins face-off versus Anton Lander in Devils zone.
17:14 of 3rd period - Snap shot by Mikkel Boedker.
17:14 of 3rd period - Deflect By Bryan Little.
17:14 of 3rd period - Shot Misses the Net.
17:14 of 3rd period - Puck is out of play.
17:15 of 3rd period - Patric Hornqvist wins face-off versus Anton Lander in Devils zone.
17:18 of 3rd period - Wrist shot by Mikkel Boedker.
17:18 of 3rd period - Shot Blocked by Brandon Carlo.
17:20 of 3rd period - Wrist shot by Mikkel Boedker.
17:20 of 3rd period - Shot Misses the Net.
17:22 of 3rd period - Slapshot by Erik Karlsson.
17:22 of 3rd period - Shot Hit the Post.
17:24 of 3rd period - Backhand shot by Patric Hornqvist.
17:24 of 3rd period - Goal by Patric Hornqvist - Devils : 5 - Avalanche : 4.
17:25 of 3rd period - Brayden Point wins face-off versus Kyle Turris in neutral zone.
18:53 of 3rd period - Jack Johnson is hit by Eric Tangradi and loses puck.
19:10 of 3rd period - Snap shot by Nick Palmieri.
19:10 of 3rd period - Shot Misses the Net.
19:20 of 3rd period - Wrist shot by Tyler Ennis.
19:20 of 3rd period - Shot Misses the Net.
19:28 of 3rd period - Snap shot by Tyler Ennis.
19:28 of 3rd period - Stopped by Semyon Varlamov with a rebound.
Goals for this period are 3 for Devils vs 1 for Avalanche.
Shots for this period are 12 for Devils vs 9 for Avalanche.